 Dungeon Crawl Stone Soup version 0.29-a0-802-g34511f41fd (webtiles) character file.

Game seed: 5592120629511276737

54 purpskrrrp the Gusty (level 3, -6/16 HPs)
             Began as a Vine Stalker Air Elementalist on July 3, 2022.
             Mangled by a worm (11 damage)
             ... on level 2 of the Dungeon.
             The game lasted 00:13:36 (1873 turns).

purpskrrrp the Gusty (VSAE)                         Turns: 1873, Time: 00:13:37

Health: -6/16      AC:  3    Str: 10    XL:     3   Next: 91%
Magic:  0/8        EV: 12    Int: 17    God:
Gold:   102        SH:  0    Dex: 14    Spells: 4/7 levels left

rFire   . . .      SeeInvis .   c - +0 trident
rCold   . . .      Faith    .   (no shield)
rNeg    + . .      Spirit   +   a - +0 robe
rPois   .          Reflect  .   (no helmet)
rElec   .          Harm     .   (no cloak)
rCorr   .          Rampage  .   h - +0 pair of gloves
Will    .....                   (no boots)
Stlth   ++........              (no amulet)
HPRegen 0.05/turn               l - ring of positive energy
MPRegen 0.11/turn               (no ring)

@: no status effects
A: fangs 2, magic shield, antimagic bite, no potion heal 2
a: no special abilities


You were on level 2 of the Dungeon.
You visited 1 branch of the dungeon, and saw 3 of its levels.

You collected 102 gold pieces.

Inventory:

Hand Weapons
 c - a +0 trident (weapon)
Missiles
 f - 6 atropa-tipped darts
 p - 3 boomerangs
Armour
 a - a +0 robe (worn)
 h - a +0 pair of gloves (worn)
Jewellery
 l - a ring of positive energy (left hand)
Wands
 g - a wand of paralysis (11)
Scrolls
 d - a scroll of magic mapping
 e - a scroll of poison {unknown}
 k - a scroll of enchant weapon {unknown}
 n - a scroll of amnesia {unknown}
Potions
 b - a potion of magic
 i - a potion of flight {unknown}
 j - 2 potions of brilliance {unknown}
 m - a potion of might {unknown}
 o - a potion of invisibility {unknown}
 q - a potion of curing {unknown}


   Skills:
 + Level 0.1 Fighting
 + Level 0.3 Polearms
 + Level 1.8 Dodging
 + Level 2.4 Stealth
 + Level 2.8 Spellcasting
 * Level 1.5 Conjurations
 * Level 3.7 Air Magic


You had 4 spell levels left.
You knew the following spells:

 Your Spells              Type           Power      Damage    Failure   Level
a - Shock                 Conj/Air       44%        1d5       6%          1
b - Static Discharge      Conj/Air       11%        3-5/arc   9%          2

Your spell library contained the following spells:

 Spells                   Type           Power      Damage    Failure   Level
 Swiftness                Air            15%        N/A       11%         3
 Airstrike                Air            7%         0-4+      36%         4
 Anguish                  Hex/Necr       1%         N/A       87%         4
 Enfeeble                 Hex            1%         N/A       100%        7


Dungeon Overview and Level Annotations

Branches:
Dungeon (3/15)

Altars:
Sif Muna

Shops:
D:1 (::(


Innate Abilities, Weirdness & Mutations

You have extremely sharp teeth.
When hurt, damage is shared between your health and your magic reserves.
Your bite disrupts and absorbs the magic of your enemies.
Potions cannot restore your health.


Message History

You kill the kobold!
A worm comes into view.
Reach: c) +0 trident
Press: ? - help, Dir - move target, f - frilled lizard
Aim: a frilled lizard (about 65% to evade your +0 trident)
You reach to attack!
You barely miss the frilled lizard. You barely miss the frilled lizard.
You bite the frilled lizard.
You kill the frilled lizard!
Aiming: Shock (safe; 6% risk of failure)
Press: ? - help, Q - select action, (/) - cycle Shift-Dir - straight line, f - worm
Aim: a worm (89% to hit)
The zap hits the worm.
The worm is lightly wounded.
You see here a +0 whip.
You barely miss the worm.
The worm is lightly wounded.
The worm bites you but does no damage.
You barely miss the worm. You hit the worm. You bite the worm.
You drain its power.
You feel invigorated.
The worm is moderately wounded.
The worm bites you!
You barely miss the worm.
The worm is lightly wounded.
The worm bites you but does no damage.
You puncture the worm! Your bite misses the worm.
The worm is heavily wounded.
The worm closely misses you.
Casting: Shock (safe; 6% risk of failure)
Confirm with . or Enter, or press ? or * to list all spells.
The worm is struck by an arc of lightning.
The worm is severely wounded.
You are struck by an arc of lightning.
The worm is struck by an arc of lightning.
The worm is almost dead.
The lightning grounds out.
You hit the worm but do no damage.
The worm is almost dead.
The worm bites you!
Ouch! That really hurt!
You die...

............. #.#........_..
....#........... #.###.##......
....#.###.......####.##.#.##.....
...##.# ..#...........###.###.##
... ..# .# #..####.##.#.## #.##
.#. #.# # #.. #.###.## #... . #..
#.# #.# ##)## ....#..####.# #.#
##...# .....$w@)(.[# #.# #..#..
#.#######...# #.# #.^..# #...#
#.# #.#.## #...# #.# #.#.# #...#
#.###.#.## #...###.##.....)
#..........<..## ###.###.##.####
#.


You could see a worm.

Vanquished Creatures
  An adder (D:2)
  A dart slug (D:1)
  A ball python (D:1)
  4 bats
  4 endoplasms (D:1)
  A giant cockroach (D:2)
  8 hobgoblins
  4 kobolds
  2 quokkas
  3 frilled lizards
  5 goblins
  4 rats
38 creatures vanquished.

Notes
Turn   | Place    | Note
-------+----------+-------------------------------------------
     0 | D:1      | purpskrrrp the Vine Stalker Air Elementalist began the
                  | quest for the Orb.
     0 | D:1      | Reached XP level 1. HP: 9/9 MP: 4/4
    10 | D:1      | You fall into a shaft and drop 1 floor!
   303 | D:1      | Found Nydoetep's Weapon Shop.
   319 | D:1      | Reached XP level 2. HP: 13/13 MP: 6/6
   739 | D:1      | Learned a level 2 spell: Static Discharge
   778 | D:1      | Reached XP level 3. HP: 16/16 MP: 6/8
   795 | D:1      | Found Pukydwiwen's Book Emporium.
   848 | D:1      | Found Orphuloa's Book Emporium.
   896 | D:1      | Found Kuckacaq's Weapon Boutique.
  1753 | D:2      | Found a shimmering blue altar of Sif Muna.
  1873 | D:2      | Mangled by a worm

Illustrated notes

Levels and vault maps discovered:
D:1:      dpeg_arrival_shelter, layout_basic, serial_shops,
          nicolae_shop_waterfront, nicolae_shop_bloodbath_and_beyond, shop,
          nicolae_shop_advertising_works [nicolae_subvault_shop_adworks],
          minmay_tetromino_i2
D:2:      layout_loops_ring, basic_altar, nicolae_ecumenical_lake_church,
          uniq_sigmund
D:3:      layout_rooms, lemuel_tele_altar, general_overflow_altar,
          cheibrodos_ashenzari_chains, nicolae_overflow_hidden_temple,
          gammafunk_temple_overflow_wave, uniq_terence, uniq_jessica

Action                   || total
-------------------------++-------
Melee: Trident           ||    45
       Bite              ||     8
 Cast: Shock             ||    66
       Static Discharge  ||     6
  Use: Scroll            ||     1
Armor: Robe              ||    10
Dodge: Dodged            ||    25

Table legend: (Time is in decaauts)
 A = Elapsed time spent in this place.
 B = Non-inter-level travel time spent in this place.
 C = Inter-level travel time spent in this place.
 D = Time resting spent in this place.
 E = Time spent auto-exploring this place.
 F = Levels seen in this place.
 G = Mean time per level.
                   A        B        C        D        E       F      G
               +--------+--------+--------+--------+--------+-----+--------+
         Total |   1885 |   1780 |    105 |    137 |   1379 |   3 |  628.3 |
       Dungeon |   1885 |   1780 |    105 |    137 |   1379 |   3 |  628.3 |
               +--------+--------+--------+--------+--------+-----+--------+

Top non-repeatable levels by time:
     D:1: 1585 daAuts
     D:2: 278 daAuts
     D:3: 20 daAuts
